 Dungeon Crawl Stone Soup version 0.24.1 (webtiles) character file.

Game seed: 11934811550943124217, levelgen mode: deterministic

233 funkygono the Conjurer (level 6, 0/43 HPs)
             Began as a Human Conjurer on Mar 26, 2020.
             Slain by a phantom (8 damage)
             ... on level 4 of the Dungeon.
             The game lasted 00:09:05 (3266 turns).

funkygono the Conjurer (Human Conjurer)             Turns: 3266, Time: 00:09:06

Health: 0/43       AC:  2    Str:  9    XL:     6   Next: 26%
Magic:  0/10       EV: 12    Int: 17    God:
Gold:   142        SH:  3    Dex: 13    Spells: 4/11 levels left

rFire    + . .     SeeInvis .   e - +0 club
rCold    . . .     Gourm    .   k - +0 buckler
rNeg     . . .     Faith    .   a - +0 robe
rPois    .         Spirit   .   (no helmet)
rElec    .         Reflect  .   (no cloak)
rCorr    .         Harm     .   (no gloves)
MR       +....                  (no boots)
Stlth    ++........             s - amulet of rage
HPRegen  0.14/turn              i - ring of protection from magic
MPRegen  0.12/turn              j - ring of protection from fire

@: very slightly contaminated
A: no striking features
a: Evoke Berserk Rage


You were on level 4 of the Dungeon.
You were not hungry.

You visited 1 branch of the dungeon, and saw 4 of its levels.

You collected 142 gold pieces.

Inventory:

Hand Weapons
 e - a +0 club (weapon)
Missiles
 b - 61 stones (quivered)
Armour
 a - a +0 robe (worn)
 k - a +0 buckler (worn)
 l - a +0 leather armour
Jewellery
 i - a ring of protection from magic (left hand)
 j - a ring of protection from fire (right hand)
 s - an amulet of rage (around neck)
Wands
 g - a wand of paralysis (7)
 h - a wand of iceblast (13)
Scrolls
 m - a scroll of identify
 n - a scroll of blinking
 q - a scroll of teleportation
Potions
 d - a potion of lignification
 o - 2 potions of curing
 p - a potion of degeneration
 t - 2 potions of berserk rage
Comestibles
 c - 5 rations
 f - a chunk of flesh


   Skills:
 + Level 1.2 Fighting
 + Level 2.0 Maces & Flails
 + Level 2.4 Dodging
 + Level 2.5 Stealth
 + Level 0.4 Shields
 + Level 3.0 Spellcasting
 + Level 5.4 Conjurations


You had 4 spell levels left.
You knew the following spells:

 Your Spells              Type           Power        Failure   Level  Hunger
a - Magic Dart            Conj           ###.         3%          1    None
b - Searing Ray           Conj           ###...       4%          2    ##.....
c - Iskenderun's Mystic   Conj           ###.....     30%         4    ####...

Your spell library contained the following spells:

 Spells                   Type           Power        Failure   Level  Hunger
 Dazzling Spray           Conj/Hex       ##....       26%         3    ###....
 Force Lance              Conj/Tloc      ##......     65%         4    ####...
 Fulminant Prism          Conj/Hex       ##........   65%         4    ####...


Dungeon Overview and Level Annotations

Branches:
Dungeon (4/15)
 Temple: D:4-7

Altars:
Cheibriados


Message History

The phantom is severely damaged.
The phantom hits you.
* * * LOW HITPOINT WARNING * * *
The phantom blinks!
The phantom closely misses you.
Your shield prevents you from hitting the phantom.
The phantom is severely damaged.
The phantom hits you.
* * * LOW HITPOINT WARNING * * *
The phantom blinks!
Casting: Magic Dart (safe; 3% risk of failure)
Confirm with . or Enter, or press ? or * to list all spells.
Aiming: Magic Dart (safe; 3% risk of failure)
Press: ? - help, Shift-Dir - straight line, f/p - phantom
Aim: a phantom (severely damaged)
You miscast Magic Dart.
You are very lightly contaminated with residual magic.
You are momentarily dazzled by a flash of light!
The phantom hits you!
You die...

....(.........#
............#.#
#...........#.#
.>....(.....#.#########
#.##.#................#
#.##.#........####.####
#.........#.### #.# ..
.#......######.#
#....#.....@..#
#.........W####
..........#
#..#..###..#
...........#
.#....#....#
...#.......# .
#..##...# #.. #...#


You could see a phantom.

Vanquished Creatures
  Natasha (thrice) (D:2)
  7 adders
  2 oozes (D:2)
  5 worms
  4 dart slugs
  2 leopard geckos (D:2)
  4 orcs (D:3)
  3 giant cockroaches
  4 goblins
  7 hobgoblins
  2 jackals (D:2)
  2 quokkas
  6 bats
  2 frilled lizards (D:2)
  6 kobolds
  3 rats
62 creatures vanquished.

Notes
Turn   | Place    | Note
-------+----------+-------------------------------------------
     0 | D:1      | funkygono the Human Conjurer began the quest for the Orb.
     0 | D:1      | Reached XP level 1. HP: 13/13 MP: 3/3
   175 | D:1      | Reached XP level 2. HP: 17/19 MP: 0/5
   228 | D:1      | Learned a level 2 spell: Searing Ray
   765 | D:2      | Reached XP level 3. HP: 24/24 MP: 1/6
   950 | D:2      | Noticed Natasha
   969 | D:2      | Killed Natasha
   969 | D:2      | Reached XP level 4. HP: 12/30 MP: 0/7
  1324 | D:2      | Reached skill level 5 in Conjurations
  1597 | D:2      | Reached skill level 1 in Maces & Flails
  1597 | D:2      | Reached XP level 5. HP: 35/35 MP: 5/8
  1604 | D:2      | Noticed Natasha
  1699 | D:2      | Killed Natasha
  1918 | D:2      | Noticed Natasha
  1927 | D:2      | Killed Natasha
  2008 | D:2      | Learned a level 4 spell: Iskenderun's Mystic Blast
  2452 | D:3      | Reached XP level 6. HP: 36/42 MP: 5/10
  2452 | D:3      | Reached skill level 1 in Fighting
  3048 | D:3      | Found a snail-covered altar of Cheibriados.
  3231 | D:4      | Noticed a phantom
  3266 | D:4      | Slain by a phantom

Levels and vault maps discovered:
D:1:      lemuel_arrival_cross, layout_basic, nrook_loot_triangle
D:2:      layout_loops_ring, kennysheep_generic_room_2, uniq_natasha
D:3:      layout_loops_ring, kennysheep_slug_shrine
D:4:      minmay_skewed_foursquare, layout_basic

Skill      XL: |  1  2  3  4  5  6 |
---------------+-------------------+-----
Conjurations   | 5 |  5.4
Maces & Flails | 1 2 |  2.0
Fighting       | 1 |  1.2
Spellcasting   | 3 |  3.0
Dodging        | |  2.4
Stealth        | |  2.5
Shields        | |  0.4

Action                   |  1- 3 |  4- 6 || total
-------------------------+-------+-------++-------
Melee: Unarmed           |     3 |       ||     3
       Club              |    10 |    29 ||    39
 Cast: Magic Dart        |    37 |    83 ||   120
       Searing Ray       |     1 |    14 ||    15
  Use: Scroll            |     3 |     6 ||     9
       Potion            |       |     1 ||     1
  Eat: Chunk             |     1 |     8 ||     9
Armor: Robe              |     2 |     8 ||    10
Dodge: Dodged            |    10 |    28 ||    38
Block: Buckler           |     4 |     5 ||     9
